[Event "Titled Tuesday Blitz July 4 Early 2023"]
[White "Taspinar, Yanki"]
[Black "Melikhov, Evgeny V."]
[WhiteFideId "34561188"]
[BlackFideId "4122046"]
[WhiteElo "2635"]
[BlackElo "2383"]
[Result "1-0"]
[Round "2"]
[TimeControl "180+2"]
[Date "2023.07.04"]
[WhiteClock "0:00:06"]
[BlackClock "0:00:00"]
[Board "149"]

1. Nf3 f5 2. g3 Nf6 3. Bg2 g6 4. O-O Bg7 5. d4 O-O 6. b3 d6 7. Bb2 c6 8. c4 a5 9. Nc3 Na6 10. Rc1 h6 11. d5 Bd7 12. Nd4 Rc8 13. Re1 Nc5 14. e3 Qe8 15. Qe2 e5 16. dxe6 Bxe6 17. Nxe6 Qxe6 18. Red1 Nfe4 19. Nxe4 fxe4 20. Bxg7 Kxg7 21. Rd4 d5 22. Rcd1 Nd3 23. R1xd3 exd3 24. Qxd3 dxc4 25. bxc4 Qf5 26. Qd2 Qb1+ 27. Bf1 Rf6 28. Kg2 Rcf8 29. f4 Qb4 30. Qc2 Rd6 31. Qd3 Rxd4 32. Qxd4+ Rf6 33. Bd3 Qd6 34. Qc3 b6 35. Kf2 Kf7 36. h4 h5 37. Qb3 c5 38. Be4 Kg7 39. Bd5 Kh6 40. a4 Rf5 41. Qd3 Rf8 42. Kg2 Rd8 43. e4 Qf6 44. e5 Qf5 45. Qe3 Qc2+ 46. Kh3 Qf5+ 47. Kh2 Qc2+ 48. Kg1 Qf5 49. Kf2 Kh7 50. Qe2 Re8 51. Qb2 Kh6 52. Qc3 Re7 53. Ke3 Qh3 54. Kd2 Qh2+ 55. Kc1 Qg1+ 56. Kb2 Qd4 57. Qxd4 cxd4 58. Kc2 Kg7 59. Kd3 1-0


[Site "https://www.chess.com"]

[Event "Titled Tuesday Blitz July 4 Early 2023"]
[White "Niekras, Dawid"]
[Black "Goldin, Roman"]
[WhiteFideId "1160451"]
[BlackFideId "2803860"]
[WhiteElo "2629"]
[BlackElo "2380"]
[Result "1-0"]
[Round "2"]
[TimeControl "180+2"]
[Date "2023.07.04"]
[WhiteClock "0:00:23"]
[BlackClock "0:00:00"]
[Board "150"]

1. e4 Nc6 2. Nf3 e5 3. Bb5 a6 4. Ba4 Nf6 5. O-O Be7 6. Re1 d6 7. c3 Bg4 8. d3 Nd7 9. Nbd2 Nc5 10. Bc2 Ne6 11. Nf1 Bg5 12. h3 Bxf3 13. Qxf3 Bxc1 14. Raxc1 O-O 15. Ne3 g6 16. b4 Qg5 17. Bb3 Rae8 18. Qg4 Qxg4 19. hxg4 Kg7 20. g3 Ne7 21. Kg2 c6 22. Rh1 Rd8 23. Nc4 b5 24. Na5 d5 25. Nxc6 Nxc6 26. exd5 Ned4 27. dxc6 Nxb3 28. axb3 Rxd3 29. Rhd1 Rxd1 30. Rxd1 Rc8 31. Rd6 Kf8 32. g5 Ke7 33. Rf6 h6 34. f4 e4 35. Kf2 hxg5 36. fxg5 Rc7 37. Ke3 Kd8 38. Kxe4 Re7+ 39. Kd4 Kc7 40. c4 Kb6 41. Kd5 bxc4 42. bxc4 Kc7 43. Rf4 Kb6 44. Re4 Rc7 45. c5+ Kb5 46. Kd6 Rxc6+ 47. Kd7 a5 48. bxa5 Rxc5 49. Kd6 Rxg5 50. Re5+ Rxe5 51. Kxe5 Kxa5 52. Kf6 Kb5 53. Kxf7 1-0


[Site "https://www.chess.com"]

[Event "Titled Tuesday Blitz July 4 Early 2023"]
[White "Girya, Olga"]
[Black "Barbot, Pierre"]
[WhiteFideId "4195752"]
[BlackFideId "663727"]
[WhiteElo "2622"]
[BlackElo "2377"]
[Result "1-0"]
[Round "2"]
[TimeControl "180+2"]
[Date "2023.07.04"]
[WhiteClock "0:01:14"]
[BlackClock "0:00:00"]
[Board "151"]

1. d4 Nf6 2. Nf3 d5 3. c4 g6 4. cxd5 Nxd5 5. e4 Nb6 6. Nc3 Bg7 7. Be2 O-O 8. h3 c5 9. d5 e6 10. Bg5 Qd7 11. O-O exd5 12. exd5 Na6 13. d6 Nb4 14. Be7 Re8 15. Bb5 Nc6 16. Ne4 Qf5 17. Re1 1-0


[Site "https://www.chess.com"]

[Event "Titled Tuesday Blitz July 4 Early 2023"]
[White "Sadykov, Ramil"]
[Black "Wartiovaara, Oliver"]
[WhiteFideId "24113590"]
[BlackFideId "513024"]
[WhiteElo "2618"]
[BlackElo "2373"]
[Result "0-1"]
[Round "2"]
[TimeControl "180+2"]
[Date "2023.07.04"]
[WhiteClock "0:00:00"]
[BlackClock "0:01:01"]
[Board "153"]

1. e4 c5 2. Nf3 e6 3. d4 cxd4 4. Nxd4 Nc6 5. Nc3 Bc5 6. Nb3 Bb6 7. Bd3 Nge7 8. O-O O-O 9. Bf4 d5 10. Qe2 Ng6 11. Bg3 dxe4 12. Nxe4 f5 13. Nd6 f4 14. Nxc8 Rxc8 15. Qxe6+ Kh8 16. Bxg6 hxg6 17. Rad1 Qg5 18. Qh3+ Qh6 19. Bh4 Rf5 20. Qg4 Rcf8 21. g3 g5 22. Kg2 gxh4 23. Rd7 fxg3 24. hxg3 h3+ 25. Kh1 Rxf2 0-1


[Site "https://www.chess.com"]

[Event "Titled Tuesday Blitz July 4 Early 2023"]
[White "Philippe, Guillaume"]
[Black "Atanasov, Anthony"]
[WhiteFideId "36048763"]
[BlackFideId "2623897"]
[WhiteElo "2372"]
[BlackElo "2615"]
[Result "1-0"]
[Round "2"]
[TimeControl "180+2"]
[Date "2023.07.04"]
[WhiteClock "0:01:17"]
[BlackClock "0:00:32"]
[Board "154"]

1. e4 e5 2. Nf3 Nf6 3. d4 Nxe4 4. dxe5 Bc5 5. Bc4 Nxf2 6. Bxf7+ Kxf7 7. Qd5+ Kg6 8. Qxc5 Nxh1 9. Nc3 h6 10. Qc4 Kh7 11. Qe4+ Kg8 12. Qd5+ Kh7 13. Ne4 Rf8 14. Neg5+ hxg5 15. Nxg5+ Kh8 16. Qe4 Qxg5 17. Bxg5 d5 18. exd6 Nf2 19. Qh4+ Kg8 20. Be7 Kf7 21. Qxf2+ 1-0


[Site "https://www.chess.com"]

[Event "Titled Tuesday Blitz July 4 Early 2023"]
[White "Karttunen, Mika"]
[Black "Rabineau, Clement"]
[WhiteFideId "502081"]
[BlackFideId "628891"]
[WhiteElo "2612"]
[BlackElo "2364"]
[Result "1-0"]
[Round "2"]
[TimeControl "180+2"]
[Date "2023.07.04"]
[WhiteClock "0:00:17"]
[BlackClock "0:00:00"]
[Board "155"]

1. e4 d6 2. d4 g6 3. f4 Bg7 4. Nf3 Nf6 5. e5 dxe5 6. fxe5 Nfd7 7. Bc4 Nb6 8. Bb3 a5 9. a4 O-O 10. O-O Bf5 11. Nc3 Na6 12. Be3 Rc8 13. Ng5 Bh6 14. g4 Be6 15. d5 Bd7 16. Qf3 e6 17. Nxf7 Bxe3+ 18. Qxe3 Rxf7 19. Rxf7 Kxf7 20. dxe6+ Bxe6 21. Rf1+ Kg7 22. Bxe6 Nb4 23. Rf7+ Kh8 24. Bxc8 Nxc8 25. e6 Ne7 26. Qe5+ 1-0


[Site "https://www.chess.com"]

[Event "Titled Tuesday Blitz July 4 Early 2023"]
[White "Goswami, Vedant"]
[Black "Piesik, Piotr"]
[WhiteFideId "5003725"]
[BlackFideId "1136194"]
[WhiteElo "2363"]
[BlackElo "2610"]
[Result "0-1"]
[Round "2"]
[TimeControl "180+2"]
[Date "2023.07.04"]
[WhiteClock "0:00:00"]
[BlackClock "0:00:22"]
[Board "156"]

1. d4 c5 2. e3 Nf6 3. Nf3 d5 4. Be2 Nc6 5. O-O Bg4 6. Nbd2 e6 7. c4 cxd4 8. Nxd4 Bxe2 9. Qxe2 Nxd4 10. exd4 Be7 11. c5 O-O 12. Nf3 b6 13. cxb6 Qxb6 14. Be3 Rfc8 15. Rfc1 Ne4 16. Ne5 Bd6 17. Nd3 Qa6 18. f3 Nf6 19. Qd2 Rxc1+ 20. Nxc1 Rc8 21. Nd3 Nd7 22. a3 Nb6 23. b3 Qb5 24. Nc5 Qc6 25. Rc1 Nd7 26. Nxd7 Qxd7 27. Rxc8+ Qxc8 28. Qc1 Qb7 29. b4 h5 30. Qc2 Qa6 31. Qc3 Qa4 32. h4 Bg3 33. Qd3 Bxh4 34. Bf4 Bf6 35. Kh2 a6 36. Qc3 Qb5 37. Be3 g5 38. Qc8+ Kg7 39. Qc3 g4 40. Qd2 Qf1 41. fxg4 hxg4 42. Bg5 Qf5 43. Bxf6+ Kxf6 0-1


[Site "https://www.chess.com"]

[Event "Titled Tuesday Blitz July 4 Early 2023"]
[White "Jaskolka, Tomasz"]
[Black "Labussiere, Yago"]
[WhiteFideId "1170791"]
[BlackFideId "2186969"]
[WhiteElo "2609"]
[BlackElo "2362"]
[Result "1-0"]
[Round "2"]
[TimeControl "180+2"]
[Date "2023.07.04"]
[WhiteClock "0:01:43"]
[BlackClock "0:01:32"]
[Board "157"]

1. d4 Nf6 2. Nc3 d5 3. Bf4 Bf5 4. e3 e6 5. Nf3 Be7 6. Ne5 O-O 7. g4 Be4 8. f3 Bg6 9. h4 h5 10. Nxg6 fxg6 11. g5 Ne8 12. Bd3 Kh7 13. Qe2 Nc6 14. a3 Nd6 15. Bxd6 Bxd6 16. f4 Rf5 17. Bxf5 gxf5 18. Qxh5+ 1-0


[Site "https://www.chess.com"]

[Event "Titled Tuesday Blitz July 4 Early 2023"]
[White "Topalov, Aleksandar"]
[Black "cafu1950"]
[WhiteFideId "925659"]
[WhiteElo "2361"]
[BlackElo "2605"]
[Result "1/2-1/2"]
[Round "2"]
[TimeControl "180+2"]
[Date "2023.07.04"]
[WhiteClock "0:00:07"]
[BlackClock "0:00:31"]
[Board "158"]

1. b3 Nf6 2. Bb2 d5 3. Nf3 Nbd7 4. e3 g6 5. c4 dxc4 6. bxc4 Bg7 7. Be2 O-O 8. O-O c5 9. d3 b6 10. a4 Bb7 11. a5 Qc7 12. Nc3 Bc6 13. axb6 axb6 14. Qb3 Qb7 15. Nb5 Rxa1 16. Rxa1 Ra8 17. Ra4 Rxa4 18. Qxa4 h6 19. Qa7 Qxa7 20. Nxa7 Ba4 21. Nc8 Kf8 22. Ne5 b5 23. Nxd7+ Nxd7 24. Bxg7+ Kxg7 25. cxb5 Bxb5 26. Nxe7 Nb6 27. e4 Kf6 28. Ng8+ Kg7 29. Ne7 Kf8 30. Nd5 Nxd5 31. exd5 Ke7 32. Kf1 Kd6 33. Ke1 Kxd5 34. Kd2 Kd4 35. g3 g5 36. Bf1 f6 37. Be2 Bc6 38. Bd1 Bb5 39. Bc2 g4 40. Bb1 Bd7 41. Bc2 Bf5 42. Bd1 Bxd3 43. Bxg4 c4 44. h4 c3+ 45. Kc1 Be4 46. Be2 Bd5 47. Bf1 Be6 48. Be2 Bf5 49. Bf1 Bd3 50. Bg2 Kc4 51. Bf3 Kb3 52. Bd5+ Kb4 53. Bf3 f5 54. Bg2 Kc4 55. Bf3 Kc5 56. Bg2 Kd4 57. Bf3 Bb5 58. Bg2 Be8 59. Bf3 Bf7 60. Bg2 Bh5 61. Bh3 Ke4 62. Bg2+ Kd3 63. Bf1+ Be2 64. Bh3 Bg4 65. Bf1+ Kd4 66. Bg2 Be2 67. Bh3 Bd3 68. Bg2 c2 69. Kd2 Kc4 70. Bh3 Kb3 71. Kc1 Kc3 72. g4 f4 73. g5 hxg5 74. hxg5 Bg6 75. Bg2 Kd4 76. Bf3 Kd3 77. Bg4 Be4 78. Bh5 f3 79. g6 Ke2 80. g7 Bd5 81. Bg6 Kxf2 82. Bh7 Ke1 83. g8=Q Bxg8 84. Bxg8 f2 85. Bc4 f1=Q 86. Bxf1 Kxf1 87. Kxc2 1/2-1/2


[Site "https://www.chess.com"]

[Event "Titled Tuesday Blitz July 4 Early 2023"]
[White "Moral Garcia, Serafin"]
[Black "Ahn, Hongjin"]
[WhiteFideId "2201925"]
[BlackFideId "13201492"]
[WhiteElo "2598"]
[BlackElo "2361"]
[Result "0-1"]
[Round "2"]
[TimeControl "180+2"]
[Date "2023.07.04"]
[WhiteClock "0:00:57"]
[BlackClock "0:00:20"]
[Board "159"]

1. c4 c5 2. Nc3 Nc6 3. g3 g6 4. Bg2 Bg7 5. a3 e6 6. Rb1 b6 7. b4 cxb4 8. axb4 Bb7 9. e3 Nge7 10. Nge2 d5 11. c5 Ne5 12. d4 Nc4 13. O-O O-O 14. b5 Nf5 15. c6 Bc8 16. Na4 a6 17. bxa6 Bxa6 18. Re1 Qc7 19. Nf4 Qxc6 20. Nd3 Ncxe3 21. Bxe3 Bxd3 22. Qxd3 Rxa4 23. Rec1 Rc4 24. Rxc4 Qxc4 25. Qxc4 dxc4 26. Rxb6 Bxd4 27. Bxd4 Nxd4 28. Kf1 c3 29. Rb1 c2 30. Rc1 Rc8 31. Be4 f5 32. Bd3 e5 33. f3 Rc3 0-1


[Site "https://www.chess.com"]

[Event "Titled Tuesday Blitz July 4 Early 2023"]
[White "Sargsyan, Anna M."]
[Black "Silva, Pedro Gil Ferreira Da"]
[WhiteFideId "13308130"]
[BlackFideId "1946102"]
[WhiteElo "2596"]
[BlackElo "2359"]
[Result "1/2-1/2"]
[Round "2"]
[TimeControl "180+2"]
[Date "2023.07.04"]
[WhiteClock "0:00:06"]
[BlackClock "0:00:45"]
[Board "160"]

1. d4 Nf6 2. c4 e6 3. Nf3 Bb4+ 4. Bd2 c5 5. g3 O-O 6. Bxb4 cxb4 7. Bg2 d6 8. O-O Nc6 9. a3 bxa3 10. Nxa3 e5 11. dxe5 dxe5 12. Nb5 Be6 13. b3 a6 14. Nd6 Qe7 15. c5 Rfd8 16. Qc2 Ne8 17. Nxe8 Rxe8 18. Rfd1 Red8 19. e3 h6 20. Qc3 Bd5 21. b4 Qf6 22. Nh4 Bxg2 23. Nxg2 Qe6 24. Ne1 e4 25. Ng2 Ne5 26. Nf4 Nf3+ 27. Kg2 Qg4 28. h3 Qg5 29. Rxd8+ Rxd8 30. c6 bxc6 31. Qxc6 h5 32. Ra5 Qe7 33. Rxa6 Rd1 34. Ne2 h4 35. Ra8+ Kh7 36. Re8 Ne1+ 37. Kh2 Nf3+ 38. Kg2 Ne1+ 39. Kh2 hxg3+ 40. fxg3 Nf3+ 41. Kg2 Ne1+ 42. Kf2 Nd3+ 43. Kg2 Ne1+ 44. Kh2 Nf3+ 45. Kg2 Ne1+ 1/2-1/2


[Site "https://www.chess.com"]

[Event "Titled Tuesday Blitz July 4 Early 2023"]
[White "Petrova, Irina"]
[Black "Tanaka, Taira Tyler"]
[WhiteFideId "14124122"]
[BlackFideId "7002351"]
[WhiteElo "2358"]
[BlackElo "2591"]
[Result "1/2-1/2"]
[Round "2"]
[TimeControl "180+2"]
[Date "2023.07.04"]
[WhiteClock "0:00:11"]
[BlackClock "0:00:32"]
[Board "161"]

1. e4 e5 2. Nf3 Nc6 3. Bc4 Bc5 4. d3 Nf6 5. a4 O-O 6. Nc3 d6 7. Bg5 h6 8. Bh4 Bb4 9. O-O Bxc3 10. bxc3 Qe7 11. h3 Be6 12. Bb3 Bxb3 13. cxb3 Qe6 14. Bxf6 Qxf6 15. d4 Rfe8 16. Re1 Rad8 17. d5 Ne7 18. c4 Ng6 19. Nh2 Nf4 20. Qf3 Qg6 21. Qg4 Qxg4 22. hxg4 a5 23. Rad1 Rc8 24. g3 Ng6 25. Nf3 Nf8 26. g5 hxg5 27. Nxg5 Nd7 28. Kg2 Nc5 29. Rb1 b6 30. Rh1 f6 31. Nf3 Nxe4 32. Rh4 Nc5 33. g4 Kf7 34. Nd2 Rh8 35. Rbh1 Rxh4 36. Rxh4 Nd3 37. Kf3 Nc5 38. Rh1 Kg6 39. Rh5 Rf8 40. Ke3 f5 41. f3 fxg4 42. fxg4 Rf4 43. Rh8 Rxg4 44. Rc8 Nxb3 45. Nxb3 Rg3+ 46. Ke4 Rxb3 47. Rxc7 Rb4 48. Rc6 Kf7 49. Rxd6 Rxc4+ 50. Kxe5 Rb4 51. Rd7+ Kg6 52. Rb7 Rb1 53. d6 Re1+ 54. Kd5 Kf6 55. Rxb6 Rd1+ 56. Kc6 Ke6 57. Kc7 g5 58. d7+ Ke7 59. Rb5 Rxd7+ 60. Kc6 g4 61. Rxa5 Rd6+ 62. Kc7 Rg6 63. Re5+ Kf6 64. Re1 Kf5 65. a5 Ra6 66. Ra1 g3 67. Kb7 Rh6 68. a6 Rh7+ 69. Kb8 Kf4 70. a7 Rh8+ 71. Kb7 Rh7+ 72. Kb8 Rh8+ 73. Kb7 Kf3 74. a8=Q Rxa8 75. Kxa8 g2 76. Rb1 Kg3 77. Rg1 Kh2 78. Rxg2+ Kxg2 1/2-1/2


[Site "https://www.chess.com"]

[Event "Titled Tuesday Blitz July 4 Early 2023"]
[White "Sovetbekova, Nurai"]
[Black "Nefedov, Sergey"]
[WhiteFideId "13801910"]
[BlackFideId "24113417"]
[WhiteElo "2356"]
[BlackElo "2570"]
[Result "0-1"]
[Round "2"]
[TimeControl "180+2"]
[Date "2023.07.04"]
[WhiteClock "0:00:04"]
[BlackClock "0:00:20"]
[Board "162"]

1. d4 Nf6 2. c4 e6 3. Nc3 d5 4. Nf3 a6 5. Bf4 dxc4 6. e4 b5 7. b3 Bb4 8. Bd2 Bxc3 9. Bxc3 Nxe4 10. Qc2 Nxc3 11. Qxc3 cxb3 12. axb3 Bb7 13. Rc1 O-O 14. Qxc7 Bxf3 15. gxf3 Qxd4 16. Be2 Ra7 17. Qg3 Qb4+ 18. Kf1 Nd7 19. Rg1 g6 20. f4 Nf6 21. h4 Nd5 22. f5 exf5 23. h5 Qf4 24. Rc5 Qxg3 25. Rxg3 Nf6 26. Rxf5 Ne4 27. Rg4 Nd2+ 28. Kg2 Nxb3 29. h6 Rd8 30. Re5 f6 31. Re6 Nd4 32. Ree4 Nxe2 33. Rxe2 Kf7 34. Rge4 Rb8 35. Rc2 a5 36. Rc6 b4 37. Ree6 b3 38. Rxf6+ Kg8 39. Rc1 b2 40. Rb1 a4 41. Rd6 a3 42. Rd2 a2 43. Rbxb2 Rxb2 44. Rxb2 a1=Q 45. Rb8+ 0-1


[Site "https://www.chess.com"]

[Event "Titled Tuesday Blitz July 4 Early 2023"]
[White "ArtemDyachuk"]
[Black "Duarte, Leonardo"]
[BlackFideId "110582"]
[WhiteElo "2569"]
[BlackElo "2355"]
[Result "1-0"]
[Round "2"]
[TimeControl "180+2"]
[Date "2023.07.04"]
[WhiteClock "0:01:22"]
[BlackClock "0:00:00"]
[Board "163"]

1. e4 e5 2. Nf3 Nc6 3. Bc4 Bc5 4. O-O Nf6 5. d3 a5 6. c3 d6 7. h3 O-O 8. Nbd2 Ba7 9. Re1 Ne7 10. Nf1 c6 11. Bb3 Ng6 12. Ng3 d5 13. exd5 Nxd5 14. Bg5 Qc7 15. d4 exd4 16. Nxd4 Be6 17. Bc2 Bxd4 18. Qxd4 a4 19. Nh5 f6 20. Rxe6 fxg5 21. Bxg6 hxg6 22. Rxg6 Rf7 23. Re1 Nf4 24. Nf6+ Kh8 25. Rh6+ gxh6 26. Ne8+ Kg8 27. Nxc7 Rxc7 28. Qf6 Rf8 29. Qxh6 Rg7 30. Re5 g4 31. Rg5 1-0


[Site "https://www.chess.com"]

[Event "Titled Tuesday Blitz July 4 Early 2023"]
[White "Sowa, Ryan"]
[Black "TomLiu777"]
[WhiteFideId "30901693"]
[WhiteElo "2552"]
[BlackElo "2352"]
[Result "1-0"]
[Round "2"]
[TimeControl "180+2"]
[Date "2023.07.04"]
[WhiteClock "0:00:47"]
[BlackClock "0:00:00"]
[Board "164"]

1. Nf3 Nf6 2. b3 g6 3. Bb2 Bg7 4. e3 a5 5. a4 O-O 6. Be2 d6 7. d4 Nbd7 8. O-O c6 9. c4 Qc7 10. Nc3 e5 11. d5 Nc5 12. Nd2 e4 13. Qc2 Bf5 14. Ba3 Nd3 15. f3 Nb4 16. Qd1 exf3 17. Rxf3 Bg4 18. Rf1 Bxe2 19. Qxe2 cxd5 20. Bxb4 axb4 21. Nb5 Qc5 22. Rac1 Rae8 23. cxd5 Rxe3 24. Qf2 Ng4 25. Rxc5 Nxf2 26. Kxf2 Rd3 27. Rc2 Rxd5 28. Nc4 Re8 29. Re2 Rd8 30. Rfe1 Rf5+ 31. Kg3 h5 32. Nbxd6 h4+ 33. Kh3 Rd5 34. Re8+ Rxe8 35. Rxe8+ Kh7 36. Nxf7 Rd3+ 37. Re3 Rd4 38. Ng5+ Kh6 39. Nf3 Rf4 40. g3 Rf6 41. Kxh4 1-0


[Site "https://www.chess.com"]

[Event "Titled Tuesday Blitz July 4 Early 2023"]
[White "Adireddy Arjun"]
[Black "WindWhistler11"]
[WhiteFideId "25647709"]
[WhiteElo "2350"]
[BlackElo "2551"]
[Result "1-0"]
[Round "2"]
[TimeControl "180+2"]
[Date "2023.07.04"]
[WhiteClock "0:01:28"]
[BlackClock "0:00:32"]
[Board "165"]

1. e4 e6 2. d4 d5 3. Bd3 Nc6 4. Nf3 dxe4 5. Bxe4 Nf6 6. Bxc6+ bxc6 7. O-O c5 8. Bf4 Bb7 9. dxc5 Bxc5 10. Qxd8+ Kxd8 11. Rd1+ Kc8 12. Ne5 Rf8 13. Nc3 Nd5 14. Nxd5 Bxd5 15. c4 f6 16. Nd3 Bxf2+ 17. Kxf2 Bxc4 18. Rac1 Bxd3 19. Rxc7+ Kb8 20. Rf7+ 1-0


[Site "https://www.chess.com"]

[Event "Titled Tuesday Blitz July 4 Early 2023"]
[White "Korpics, Zsolt"]
[Black "Parpiev, Isaak"]
[WhiteFideId "705241"]
[BlackFideId "34281576"]
[WhiteElo "2349"]
[BlackElo "2548"]
[Result "0-1"]
[Round "2"]
[TimeControl "180+2"]
[Date "2023.07.04"]
[WhiteClock "0:00:00"]
[BlackClock "0:01:07"]
[Board "166"]

1. e4 d5 2. exd5 Qxd5 3. Nc3 Qe5+ 4. Be2 Bg4 5. d4 Bxe2 6. Ngxe2 Qa5 7. O-O Nf6 8. Bf4 Nc6 9. Qd2 O-O-O 10. Qe3 Qf5 11. Rac1 e6 12. a3 h5 13. b4 h4 14. b5 Na5 15. h3 Nc4 16. Qf3 g5 17. Be5 Qxf3 18. gxf3 Bg7 19. Rfd1 Nxe5 20. dxe5 Nd7 21. Ne4 Nxe5 22. Kg2 Bh6 23. c4 g4 24. f4 Nd3 25. hxg4 Nxc1 26. Rxc1 f5 27. Nf6 h3+ 0-1


[Site "https://www.chess.com"]

[Event "Titled Tuesday Blitz July 4 Early 2023"]
[White "Nithyalakshmi, Sivanesan"]
[Black "only_strong_moves"]
[WhiteFideId "5706955"]
[WhiteElo "2338"]
[BlackElo "2544"]
[Result "1-0"]
[Round "2"]
[TimeControl "180+2"]
[Date "2023.07.04"]
[WhiteClock "0:00:01"]
[BlackClock "0:00:44"]
[Board "167"]

1. e4 c5 2. Nc3 d6 3. f4 g6 4. Bc4 Bg7 5. Nf3 e6 6. O-O Nc6 7. d4 cxd4 8. Nb5 Nge7 9. Bb3 O-O 10. Nbxd4 Nxd4 11. Nxd4 b6 12. Kh1 Bb7 13. Qd3 a6 14. f5 exf5 15. exf5 Nd5 16. c3 Be5 17. Qh3 Ne7 18. Bh6 Bd5 19. f6 Bxf6 20. Rxf6 Re8 21. Raf1 Ra7 22. Bg5 Bxb3 23. axb3 Nd5 24. R6f5 Qd7 25. Rxd5 Qb7 26. Rdf5 Qe4 27. R5f3 Qe1 28. g3 Qe4 29. Qg2 Qd5 30. Bf6 a5 31. Qh3 Qe4 32. Qh6 Qxf3+ 33. Nxf3 Re1 34. Qg7# 1-0


[Site "https://www.chess.com"]

[Event "Titled Tuesday Blitz July 4 Early 2023"]
[White "Rozhkov, Viacheslav"]
[Black "gueraumasague"]
[WhiteFideId "4181484"]
[WhiteElo "2334"]
[BlackElo "2543"]
[Result "0-1"]
[Round "2"]
[TimeControl "180+2"]
[Date "2023.07.04"]
[WhiteClock "0:00:36"]
[BlackClock "0:01:34"]
[Board "168"]

1. e4 g6 2. Nf3 Bg7 3. d4 c6 4. Bd3 d5 5. exd5 cxd5 6. Bf4 Nc6 7. c3 Nf6 8. O-O Bf5 9. Re1 O-O 10. Ne5 Qb6 11. Bxf5 gxf5 12. Qc2 e6 13. Nd2 Rac8 14. Qb3 Qa6 15. h3 Ne7 16. Ndf3 Ng6 17. Nxg6 hxg6 18. Ne5 Rfd8 19. Re3 Ne4 20. f3 Nd6 21. Rae1 Re8 22. h4 Qb6 23. Qxb6 axb6 24. Nxg6 Nc4 25. R3e2 fxg6 26. Rxe6 Kf7 0-1


[Site "https://www.chess.com"]

[Event "Titled Tuesday Blitz July 4 Early 2023"]
[White "Osmak, Yuliia"]
[Black "Fajdetic, Hrvoje"]
[WhiteFideId "14101602"]
[BlackFideId "14501945"]
[WhiteElo "2533"]
[BlackElo "2331"]
[Result "1-0"]
[Round "2"]
[TimeControl "180+2"]
[Date "2023.07.04"]
[WhiteClock "0:00:52"]
[BlackClock "0:00:00"]
[Board "169"]

1. Nf3 f5 2. g3 Nf6 3. Bg2 d6 4. O-O e5 5. d3 Be7 6. c4 O-O 7. Nc3 c6 8. e4 Qe8 9. Re1 Qh5 10. exf5 Bxf5 11. d4 e4 12. Nh4 Bg4 13. f3 exf3 14. Bxf3 Bxf3 15. Qxf3 Ng4 16. Bf4 Bxh4 17. gxh4 Qxh4 18. Qg3 Nxh2 19. Qxh4 Nf3+ 20. Kh1 Nxh4 21. Bxd6 Rd8 22. Bc7 Rxd4 23. Re8+ Kf7 24. Rxb8 Rxb8 25. Bxb8 Rxc4 26. Rd1 b5 27. Rd7+ Kg6 28. Bxa7 b4 29. Ne2 Rc2 30. Nf4+ Kf5 31. Rf7+ Ke4 32. Ne6 Nf5 33. Nxg7 Ng3+ 34. Kg1 Rxb2 35. Rf2 1-0


[Site "https://www.chess.com"]

[Event "Titled Tuesday Blitz July 4 Early 2023"]
[White "Trifan, Andrei Ioan"]
[Black "Shtompel, Yuriy"]
[WhiteFideId "12967068"]
[BlackFideId "14168278"]
[WhiteElo "2528"]
[BlackElo "2329"]
[Result "1-0"]
[Round "2"]
[TimeControl "180+2"]
[Date "2023.07.04"]
[WhiteClock "0:00:24"]
[BlackClock "0:00:00"]
[Board "170"]

1. Nf3 Nf6 2. b3 g6 3. Bb2 Bg7 4. e4 d6 5. Be2 O-O 6. d3 e5 7. O-O h6 8. Re1 Nc6 9. Nbd2 Nh7 10. Bf1 f5 11. c4 f4 12. a3 g5 13. h3 h5 14. Nh2 Nf6 15. Be2 Qe8 16. b4 Qg6 17. f3 Nd4 18. Bxd4 exd4 19. Nb3 Nd7 20. c5 dxc5 21. bxc5 Ne5 22. Rc1 Bd7 23. Na5 b6 24. Nc4 b5 25. Nxe5 Bxe5 26. Qb3+ Kh7 27. Qd5 Qe6 28. Bd1 c6 29. Qb3 Qxb3 30. Bxb3 a5 31. a4 Rab8 32. Ra1 b4 33. Reb1 Kg7 34. Bd1 Kf6 35. Nf1 Rg8 36. Kf2 Be6 37. Nd2 g4 38. hxg4 hxg4 39. fxg4 Bxg4 40. Nc4 Bc7 41. Bb3 Rbf8 42. e5+ Kg5 43. Nd6 Rg7 44. Rh1 Bxd6 45. exd6 Re8 46. Rae1 Re3 47. Bc4 Rg8 48. Bxg8 1-0


[Site "https://www.chess.com"]

[Event "Titled Tuesday Blitz July 4 Early 2023"]
[White "Cardozo Munar, Carlos Eduardo"]
[Black "ElDivis"]
[WhiteFideId "4409477"]
[WhiteElo "2327"]
[BlackElo "2527"]
[Result "0-1"]
[Round "2"]
[TimeControl "180+2"]
[Date "2023.07.04"]
[WhiteClock "0:00:00"]
[BlackClock "0:00:14"]
[Board "171"]

1. d4 Nf6 2. Bg5 Ne4 3. h4 c5 4. d5 Nxg5 5. hxg5 Qb6 6. e4 Qxb2 7. Nd2 Qb6 8. Ngf3 d6 9. Bd3 g6 10. Rb1 Qc7 11. Qe2 Bg7 12. Nc4 O-O 13. e5 dxe5 14. Ncxe5 Nd7 15. Ng4 c4 16. Be4 Nc5 17. Nh6+ Bxh6 18. Rxh6 Bg4 19. Qxc4 Qf4 20. Qxc5 Qxe4+ 21. Qe3 Bxf3 22. gxf3 Qxd5 23. Rb4 Rad8 24. Kf1 Qf5 25. Kg2 Rd5 26. Rg4 Qxc2 27. Qf4 Qc5 28. Qg3 Rf5 29. Qh4 Qd5 30. Rg3 Rc8 31. Rxh7 Qe5 32. Rh3 Rxg5+ 33. Rg3 Rxg3+ 34. fxg3 Rc2+ 35. Kh3 Qf5+ 0-1


[Site "https://www.chess.com"]

[Event "Titled Tuesday Blitz July 4 Early 2023"]
[White "Bethke, Richard"]
[Black "Shapiro, Daniel"]
[WhiteFideId "12959243"]
[BlackFideId "2001780"]
[WhiteElo "2526"]
[BlackElo "2324"]
[Result "1-0"]
[Round "2"]
[TimeControl "180+2"]
[Date "2023.07.04"]
[WhiteClock "0:01:06"]
[BlackClock "0:00:00"]
[Board "172"]

1. e4 e5 2. Nf3 Nc6 3. Bc4 Be7 4. O-O Nf6 5. Re1 d6 6. h3 O-O 7. a4 a6 8. d4 exd4 9. Nxd4 Bd7 10. Nc3 Re8 11. Nf5 Bf8 12. Bg5 h6 13. Bxf6 Qxf6 14. Nd5 Qd8 15. Qg4 Ne5 16. Nxh6+ Kh7 17. Qf4 gxh6 18. Nf6+ Kg7 19. Nxe8+ Qxe8 20. Bb3 Be6 21. Ra3 Ng6 22. Qe3 Bxb3 23. Rxb3 b6 24. Qc3+ Kg8 25. Qxc7 Rc8 26. Qxb6 Rxc2 27. Qxa6 Qe5 28. Qb6 Nf4 29. Qe3 Bg7 30. Rb8+ Kh7 31. Rb5 Rc5 32. Rxc5 dxc5 33. Rc1 Ne6 34. a5 Qxb2 35. Rxc5 Nxc5 36. Qxc5 Bd4 37. Qf5+ Kg7 38. h4 Qb1+ 39. Kh2 Qa1 40. g3 Qa2 41. Kg2 Qa4 42. g4 Ba7 43. g5 h5 44. Qf6+ Kg8 45. Qd8+ Kg7 46. Qd5 1-0


[Site "https://www.chess.com"]

[Event "Titled Tuesday Blitz July 4 Early 2023"]
[White "Wang, Alexander J"]
[Black "Droin, Augustin"]
[WhiteFideId "30955270"]
[BlackFideId "45105987"]
[WhiteElo "2319"]
[BlackElo "2526"]
[Result "0-1"]
[Round "2"]
[TimeControl "180+2"]
[Date "2023.07.04"]
[WhiteClock "0:00:05"]
[BlackClock "0:00:11"]
[Board "173"]

1. e4 c5 2. Nf3 Nc6 3. d4 cxd4 4. Nxd4 Nf6 5. Nc3 h5 6. g3 h4 7. Bg2 h3 8. Bf3 e5 9. Nb3 Be7 10. Be3 d6 11. Qd2 Be6 12. Nd5 Bxd5 13. exd5 Nb8 14. O-O-O a5 15. Kb1 a4 16. Nc1 Nbd7 17. a3 b5 18. Be2 Rb8 19. f4 O-O 20. fxe5 Nxe5 21. Bf4 Nfd7 22. Bd3 Bf6 23. Qe2 Nc4 24. c3 Nde5 25. Qh5 Nxd3 26. Nxd3 Qd7 27. Rhf1 Rbe8 28. Bc1 g6 29. Qf3 Bg7 30. Rde1 Ne5 31. Nxe5 dxe5 32. Rd1 f5 33. d6 e4 34. Qe2 Re6 35. Bf4 Be5 36. Bxe5 Rxe5 37. Rd4 Rf6 38. Rfd1 Ree6 39. Qd2 e3 40. Qe2 Rxd6 41. Qxe3 Rxd4 42. Rxd4 Re6 43. Qd2 Qc6 44. Rd8+ Kg7 45. Rd7+ Kg8 46. Rd8+ Kf7 47. Rd7+ Ke8 48. Rd4 Qh1+ 49. Ka2 Qc6 50. Qg5 Rf6 51. Qh6 Qe6+ 52. Kb1 Qe1+ 53. Ka2 Qe6+ 54. Kb1 Rf8 55. Qd2 Kf7 56. Rd7+ Kg8 57. Rd4 f4 58. gxf4 Qf5+ 59. Ka2 Qe6+ 60. Ka1 Re8 61. Qd1 Qe1 62. Qxe1 Rxe1+ 63. Ka2 Re2 64. Rd8+ Kf7 65. Rd7+ Kf6 66. Rb7 Rxh2 67. Rxb5 Rf2 68. Rb7 Rxf4 69. Rh7 Rf3 70. c4 Ke5 71. Kb1 g5 72. Kc2 g4 73. Kd2 Rf2+ 74. Ke1 Rxb2 75. Rh4 h2 76. Kf1 g3 77. Rh3 g2+ 0-1


[Site "https://www.chess.com"]